 Dungeon Crawl Stone Soup version 0.21-a0-184-g9126a74 (webtiles) character file.

857 Ijustatesigmund the Twirler (level 8, -3/64 HPs)
             Began as a Formicid Fighter on Aug 11, 2017.
             Slain by an orc warrior
             ... wielding a +0 glaive
              (8 damage)
             ... on level 6 of the Dungeon.
             The game lasted 00:07:34 (2717 turns).

Ijustatesigmund the Twirler (Formicid Fighter)      Turns: 2717, Time: 00:07:35

Health: -3/64      AC:  9    Str: 20    XL:     8   Next: 22%
Magic:  0/7        EV: 11    Int:  9    God:
Gold:   189        SH: 11    Dex: 19    Spells: 7/7 levels left

rFire    . . .     SeeInvis +   p - +4 quarterstaff (chaos)
rCold    . . .     Gourm    .   c - +0 shield
rNeg     . . .     Faith    .   b - +0 chain mail (curse)
rPois    .         Spirit   +   (helmet unavailable)
rElec    .         Reflect  .   q - +1 cloak
rCorr    .         Harm     .   (no gloves)
MR       .....                  (no boots)
Stlth    ..........             j - amulet of guardian spirit
HPRegen  0.20/turn              n - ring of flight
MPRegen  0.10/turn              (no ring)

@: agile
A: permanent stasis, dig shafts and tunnels, four strong arms, antennae 3, thin
metallic scales 1, agile 1, deformed body, low mp 1
a: Dig, Shaft Self, Evoke Flight


You were on level 6 of the Dungeon.
You were not hungry.

You visited 1 branch of the dungeon, and saw 6 of its levels.

You collected 189 gold pieces.

Inventory:

Hand Weapons
 a - a +1 quarterstaff
 p - a +4 quarterstaff of chaos (weapon)
Armour
 b - a cursed +0 chain mail (worn)
 c - a +0 shield (worn)
 q - a +1 cloak (worn)
Jewellery
 j - an amulet of guardian spirit (around neck)
 n - a ring of flight (left hand)
Potions
 g - a potion of resistance
 m - a potion of mutation
Books
 d - a book of Maledictions

   Spells                             Type                      Level
   a - Corona                         Hexes                        1
   b - Ensorcelled Hibernation        Hexes/Ice                    2
   c - Confuse                        Hexes                        3
   d - Tukima's Dance                 Hexes                        3
   e - Dazzling Spray                 Conjuration/Hexes            3
Comestibles
 f - 3 bread rations
 h - 4 meat rations
 i - 2 royal jellies
 o - 2 chunks of flesh


   Skills:
 + Level 6.2 Fighting
 * Level 6.6 Staves
 - Level 3.2 Armour
 - Level 5.5 Shields


You had 7 spell levels left.
You didn't know any spells.

Dungeon Overview and Level Annotations

Branches:
Dungeon (7/15)
 Temple: D:4-7

Altars:


Innate Abilities, Weirdness & Mutations

You cannot be hasted, slowed, berserked, paralysed or teleported.
You can dig through walls and to a lower floor.
Your four strong arms can wield two-handed weapons with a shield.
You have a pair of large antennae on your head. (SInv)
You are partially covered in thin metallic scales. (AC +2)
You are agile. (Dex +2)
Armour fits poorly on your strangely shaped body.
Your magical capacity is low. (-10% MP)


Message History

You hit the orc warrior but do no damage.
Your head hurts.
You block the orc warrior's attack. You block the worker ant's attack.
You hit the orc warrior.
The orc warrior is lightly wounded.
The worker ant bites you but does no damage.
You hit the orc warrior but do no damage.
The orc warrior is lightly wounded.
The orc warrior hits you but does no damage.
The worker ant barely misses you.
You hit the orc warrior.
Space warps horribly around the orc warrior!
The orc warrior is moderately wounded.
The worker ant bites you but does no damage.
You block the orc warrior's attack.
It was a potion of agility.
You feel agile all of a sudden.
The worker ant waves its antennae.
The worker ant barely misses you. The orc warrior hits you with a glaive!
You die...

## #. ####.####
#....... {
#...$..###########.#..
#.....>...ooo@al....).
#......#..o#####.#....
#......#...# # #
#...{o.#...#
#..o.........
#......#...###
#....s.#...#
#......#..?#


You could see an orc warrior, an iguana, a worker ant and 3 orcs.

Vanquished Creatures
  Grinder (D:3)
  Sigmund (D:3)
  A necrophage (D:3)
  A howler monkey (D:4)
  Crazy Yiuf (D:3)
  Terence (D:2)
  5 orc wizards
  A worker ant zombie (D:3)
  6 adders
  3 oozes
  7 worms
  A dart slug (D:1)
  2 leopard geckos (D:1)
  7 orcs
  3 giant cockroaches
  6 goblins
  5 hobgoblins
  4 jackals (D:1)
  2 quokkas
  A ball python (D:2)
  7 bats
  8 frilled lizards
  9 kobolds
  9 rats
  2 fungi (D:3)
94 creatures vanquished.

Notes
Turn   | Place    | Note
-------+----------+-------------------------------------------
     0 | D:1      | Ijustatesigmund the Formicid Fighter began the quest for the Orb.
     0 | D:1      | Reached XP level 1. HP: 18/18 MP: 1/1
   110 | D:1      | Reached XP level 2. HP: 19/24 MP: 2/2
   213 | D:1      | Reached XP level 3. HP: 21/29 MP: 3/3
   973 | D:2      | Reached XP level 4. HP: 37/37 MP: 4/4
  1240 | D:2      | Noticed Terence
  1256 | D:2      | Killed Terence
  1256 | D:2      | Reached XP level 5. HP: 35/42 MP: 3/5
  1526 | D:3      | Noticed Grinder
  1538 | D:3      | Killed Grinder
  1538 | D:3      | Reached skill level 5 in Shields
  1538 | D:3      | Reached XP level 6. HP: 32/50 MP: 4/6
  1660 | D:3      | Noticed Sigmund
  1669 | D:3      | Killed Sigmund
  1669 | D:3      | Reached skill level 5 in Fighting
  1669 | D:3      | Reached skill level 5 in Staves
  1669 | D:3      | Reached XP level 7. HP: 41/56 MP: 4/7
  2281 | D:3      | Found a runed door.
  2285 | D:3      | Noticed Crazy Yiuf
  2293 | D:3      | Killed Crazy Yiuf
  2458 | D:4      | Reached XP level 8. HP: 62/64 MP: 6/8
  2544 | D:4      | You fall through a shaft for 3 floors!
  2700 | D:6      | Gained mutation: Your magical capacity is low. (-10% MP) [potion of mutation]
  2700 | D:6      | Gained mutation: You are partially covered in thin metallic scales. (AC +2) [potion of mutation]
  2700 | D:6      | Gained mutation: Armour fits poorly on your strangely shaped body. [potion of mutation]
  2700 | D:6      | Gained mutation: You are agile. (Dex +2) [potion of mutation]
  2717 | D:6      | Slain by an orc warrior

Vault maps used:
D:1:      dpeg_arrival_chambers_temple_mockup, minmay_misc_feat_tiny,
          hangedman_decor_diamond_cutter, st_stairs_14
D:2:      uniq_terence
D:3:      first_bread, grunt_ministairs_8, uniq_crazy_yiuf_cottage,
          uniq_grinder, uniq_sigmund
D:6:      portal_sewer_entry_e, serial_shops, shop, basic_altar,
          kennysheep_generic_room_15, uniq_eustachio, uniq_blork_the_orc
D:7:      old_standard_altar, grunt_livestock, serial_bayou_pond_b,
          guppyfry_early_elven_hall

Skill      XL: |  1  2  3  4  5  6  7  8 |
---------------+-------------------------+-----
Shields        | 4 5 |  5.5
Fighting       | 4 5 6 |  6.2
Staves         | 3 4 5 6 |  6.6
Armour         | |  3.2

Action                   |  1- 3 |  4- 6 |  7- 9 || total
-------------------------+-------+-------+-------++-------
Melee: Quarterstaff      |   106 |    84 |   117 ||   307
 Abil: Dig               |     3 |     1 |     1 ||     5
       Shaft Self        |       |       |     1 ||     1
  Use: Scroll            |       |     5 |     4 ||     9
       Potion            |       |     2 |     5 ||     7
 Stab: Petrifying        |       |       |     1 ||     1
       Petrified         |       |       |     1 ||     1
  Eat: Chunk             |     1 |     2 |     4 ||     7
Armor: Scale mail        |    31 |       |       ||    31
       Chain mail        |    13 |    42 |    43 ||    98
Dodge: Dodged            |    34 |    16 |    19 ||    69
Block: Shield            |    45 |    39 |    43 ||   127
